 Dungeon Sprint DCSS version 0.31-a0-931-g7b59d4eb97 (webtiles) character file.

Game seed: 7851186798326198653

74 sircluck the Ruffian (level 4, 0/73 HPs)
             Began as a Troll Berserker on Oct 19, 2023.
             Was an Elder of Trog.
             Slain by a gnoll sergeant
             ... wielding a +8 trident of freezing
              (11 damage)
             ... in the Dungeon (Sprint VII: "The Pits").
             The game lasted 00:01:03 (191 turns).

sircluck the Ruffian (Troll Berserker)               Turns: 191, Time: 00:01:04

Health: 0/73       AC:  4    Str: 27    XL:     4   Next: 10%
Magic:  3/3        EV: 10    Int:  3    God:    Trog [****..]
Gold:   0          SH:  0    Dex:  9    Spells: 3/3 levels left

rFire   . .          .
                       - Unarmed
rCold   . . .        (no shield)
rNeg    . . .        a - +0 animal skin
rPois   .            (helmet restricted)
rElec   .            (no cloak)
rCorr   .            (gloves unavailable)
SInv    .            (boots unavailable)
Will    .....        (no amulet) Stlth
                     (no ring)
HPRegen 1.12/turn    (no ring)
MPRegen 0.08/turn

%: no teleportation
@: berserking, very quick
A: large, unfitting armour, claws 3, regeneration 1, shaggy fur 1, tough skin 1
a: Renounce Religion, Berserk, Trog's Hand, Brothers in Arms


You were in the Dungeon.
You worshipped Trog.
Trog was greatly pleased with you.
You visited 1 branch

Inventory:

Armour
 a - a +0 animal skin (worn)
Scrolls
 g - a scroll of blinking
 i - 2 scrolls of vulnerability
 j - a scroll of summoning
Potions
 b - 6 potions of curing
 c - 6 potions of heal wounds
 d - a potion of haste
 e - 4 potions of magic
 f - 3 potions of berserk rage
 h - 2 potions of invisibility


   Skills:
 + Level 4.5 Fighting
 + Level 4.5 Dodging
 + Level 5.5 Unarmed Combat


You had 3 spell levels left.
You didn't know any spells.
Your spell library was empty.

Dungeon Overview and Level Annotations

Branches:
Dungeon (1/1)

Altars:
Ashenzari
Cheibriados
Dithmenos
Elyvilon
Fedhas
Gozag
Hepliaklqana
Kikubaaqudgha
Makhleb
Nemelex Xobeh
Okawaru
Qazlal
Ru
Sif Muna
Trog
Uskayaw
Vehumet
Wu Jian
Xom
Yredelemnul
Zin
The Shining One
Jiyva
Lugonu


Innate Abilities, Weirdness & Mutations

You are too large for most types of armour.
You have claws for hands.
Your natural rate of healing is unusually fast.
You are covered in fur. (AC +1)
You have tough skin. (AC +1)


Message History

You open the door.
There is an open door here.
Key pressed, stopping explore.
You open the door.
A jelly and a gnoll come into view.
The gnoll shouts!
The jelly quivers.
You hear a shout!
A gnoll comes into view. It is wielding a +0 spear.
A gnoll sergeant comes into view.
It is wielding a +8 trident of freezing.
The gnoll moves out of view.
You hear a shout!
The gnoll sergeant shouts!
The jelly jiggles.
There is an open door here.
The jelly hits you.
You are splashed with acid!
You claw the jelly!
You kill the jelly!
Trog accepts your kill.
Your Fighting skill increases to level 4!
Your Dodging skill increases to level 4!
Your Unarmed Combat skill increases to level 5!
You claw the gnoll!
You kill the gnoll!
Trog accepts your kill.
The gnoll sergeant hits you from afar with a +8 trident of freezing!
The gnoll sergeant freezes you.
You have reached level 4!
Unknown command.
Unknown command.
A red film seems to cover your vision as you go berserk!
You feel yourself moving faster!
You feel mighty!
The gnoll sergeant hits you from afar with a +8 trident of freezing!!
* * * LOW HITPOINT WARNING * * *
The gnoll sergeant freezes you.
* * * LOW HITPOINT WARNING * * *
You feel a strong urge to attack something.
The gnoll barely misses you.
The gnoll sergeant hits you with a +8 trident of freezing!
You die...

############
#_________.#
#_________.#
#_______...#########
##########'##.......
#.?(.')))'.##......#
##########.##.......
#.g@.......†'.......
#g#####'#####......#
#)#..#).#[[##.......
#.#.)†..#))#####'###
#g#..####))##.......
#.#..#..#))##.......
#.#..#..#..##.......
#.##'#..#'###...<...
#.#..†.....##.......


You could see a gnoll sergeant and a gnoll.

Vanquished Creatures
  A jelly (D)
  2 gnolls (D)
  An adder (D)
  A river rat (D)
  3 hobgoblins (D)
  2 jackals (D)
  A bat (D)
  A kobold (D)
  A rat (D)
13 creatures vanquished.

Notes
Turn   | Place    | Note
-------+----------+-------------------------------------------
     0 | D        | sircluck the Troll Berserker began the quest for the Orb.
     0 | D        | Reached XP level 1. HP: 22/22 MP: 0/0
    22 | D        | Found a bloodstained altar of Trog.
    22 | D        | Found a shimmering blue altar of Sif Muna.
    22 | D        | Found a viscous altar of Jiyva.
    22 | D        | Found a hazy altar of Hepliaklqana.
    22 | D        | Found an opulent altar of Gozag.
    23 | D        | Found a glowing golden altar of the Shining One.
    23 | D        | Found a glowing silver altar of Zin.
    23 | D        | Found a basalt altar of Yredelemnul.
    23 | D        | Found a shimmering altar of Xom.
    23 | D        | Found an ornate altar of the Wu Jian Council.
    23 | D        | Found a sacrificial altar of Ru.
    23 | D        | Found a stormy altar of Qazlal.
    23 | D        | Found an iron altar of Okawaru.
    23 | D        | Found a sparkling altar of Nemelex Xobeh.
    23 | D        | Found a burning altar of Makhleb.
    23 | D        | Found a blossoming altar of Fedhas.
    23 | D        | Found a white marble altar of Elyvilon.
    23 | D        | Found a shadowy altar of Dithmenos.
    23 | D        | Found a snail-covered altar of Cheibriados.
    25 | D        | Found a radiant altar of Vehumet.
    25 | D        | Found a corrupted altar of Lugonu.
    26 | D        | Found a hide-covered altar of Uskayaw.
    26 | D        | Found an ancient bone altar of Kikubaaqudgha.
    26 | D        | Found a broken altar of Ashenzari.
    66 | D        | Reached ** piety under Trog
    88 | D        | Reached skill level 4 in Unarmed Combat
    88 | D        | Reached XP level 2. HP: 20/31 MP: 1/1
    92 | D        | Reached *** piety under Trog
   119 | D        | Reached XP level 3. HP: 34/39 MP: 2/2
   121 | D        | Reached **** piety under Trog
   172 | D        | Noticed a gnoll sergeant
   186 | D        | Reached skill level 5 in Unarmed Combat
   187 | D        | Reached XP level 4. HP: 17/49 MP: 3/3
   191 | D        | Slain by a gnoll sergeant

Illustrated notes

Levels and vault maps discovered:
D:        pitsprint [storerooms_1, entrance_room_1, metal_vault_1, armoury_3,
          mini_pit_1, grid_room_1, main_hall_1, silver_pit, the_coven_2,
          the_vestibule_1, steel_vault_2, golden_pit, hallway_of_sentries,
          crystal_vault_1, iron_vault_2, final_vault]

Skill      XL: |  1  2  3 |
---------------+----------+-----
Fighting       | 3 4 |  4.5
Dodging        | 3 4 |  4.5
Unarmed Combat | 4 5 |  5.5

Action                     |  1- 3 |  4- 6 || total
---------------------------+-------+-------++-------
  Melee: Unarmed           |    37 |       ||    37
         Punch             |     1 |       ||     1
 Invoke: Berserk           |       |     1 ||     1
 Armour: Animal skin       |    31 |     2 ||    33
  Dodge: Dodged            |    15 |     1 ||    16

Table legend: (Time is in decaauts)
 A = Elapsed time spent in this place.
 B = Non-inter-level travel time spent in this place.
 C = Inter-level travel time spent in this place.
 D = Time resting spent in this place.
 E = Time spent auto-exploring this place.
 F = Levels seen in this place.
 G = Mean time per level.
                   A        B        C        D        E       F      G
               +--------+--------+--------+--------+--------+-----+--------+
         Total |    188 |    188 |      0 |      0 |     91 |   1 |  188.0 |
       Dungeon |    188 |    188 |      0 |      0 |     91 |   1 |  188.0 |
               +--------+--------+--------+--------+--------+-----+--------+

Top non-repeatable levels by time:
       D: 188 daAuts
